 Dungeon Sprint DCSS version 0.18-a0-993-g4a3b7c7 (webtiles) character file.

755 pipel the Reanimator (level 7, -14/67 HPs)
             Began as a Deep Dwarf Necromancer on Jan 4, 2016.
             Was the Champion of Makhleb.
             Demolished by a komodo dragon (28 damage)
             ... in the Dungeon (Sprint VII: "The Pits").
             The game lasted 00:08:07 (330 turns).

pipel the Reanimator (Deep Dwarf Necromancer)        Turns: 330, Time: 00:08:07

Health: -14/67     AC:  2    Str: 12    XL:     7   Next: 49%
Magic:  2/13       EV: 18    Int: 16    God:    Makhleb [******]
Gold:   0          SH:  0    Dex: 14    Spells: 3 memorised, 8 levels left

rFire  . . .     SeeInvis .     b - staff of energy
rCold  . . .     Gourm    .     v - +0 robe
rNeg   . . .     Faith    .     (no shield)
rPois  .         Spirit   .     (no helmet)
rElec  .         Dismiss  .     (no cloak)
rCorr  .         Reflect  .     (no gloves)
SustAt .         Harm     .     (no boots)
MR     +....     NoTele   +     (no amulet)
Stlth  ++........               (no ring)
                                (no ring)

@: non-regenerating, somewhat resistant to hostile enchantments, unstealthy
A: damage resistance, recharge devices, sense surroundings 1, slow regeneration
3
a: Device Recharging, Minor Destruction, Lesser Servant of Makhleb, Major
Destruction, Greater Servant of Makhleb, Renounce Religion


You were in the Dungeon.
You worshipped Makhleb.
Makhleb was exalted by your worship.
You were hungry.

You visited 1 branch

Inventory:

Hand Weapons
 a - a +1 hand axe of chopping
 k - a +2 hand axe
Missiles
 o - 10 stones (quivered)
Armour
 v - a +0 robe (worn)
 w - a +2 plate armour
 x - a +3 chain mail
Magical Staves
 b - an uncursed staff of energy (weapon)
Wands
 c - a wand of heal wounds (4/9)
Scrolls
 j - a scroll of blinking
 q - 3 scrolls of remove curse
 r - 5 scrolls of amnesia
 s - a scroll of summoning
 t - 2 scrolls of vulnerability
Potions
 e - 6 potions of curing
 f - 4 potions of heal wounds
 g - a potion of haste
 h - 4 potions of magic
 i - 3 potions of berserk rage
 n - 2 potions of invisibility
Books
 p - a book of Necromancy

   Spells                             Type                      Level
   a - Pain                           Necromancy                   1
   b - Animate Skeleton               Necromancy                   1
   c - Vampiric Draining              Necromancy                   3
   d - Regeneration                   Charms/Necromancy            3
   e - Animate Dead                   Necromancy                   4
   f - Control Undead                 Necromancy                   4
Comestibles
 d - 8 bread rations
 l - 40 fruits
 m - 7 meat rations
 u - 3 chunks of flesh


   Skills:
 + Level 5.0 Fighting
 + Level 4.7 Axes
 + Level 1.5 Throwing
 + Level 10.0 Dodging
 - Level 2.5 Stealth
 - Level 3.8 Spellcasting
 - Level 10.0 Necromancy
 + Level 9.2 Invocations
 - Level 1.3 Evocations


You had 8 spell levels left.
You knew the following spells:

 Your Spells              Type           Power        Failure   Level  Hunger
a - Pain                  Necr           ####         1%          1    None
b - Animate Skeleton      Necr           N/A          1%          1    None
c - Vampiric Draining     Necr           #####.....   1%          3    None


Dungeon Overview and Level Annotations

Branches:
Dungeon (1/1)

Altars:
Ashenzari
Cheibriados
Dithmenos
Elyvilon
Fedhas
Kikubaaqudgha
Makhleb
Nemelex Xobeh
Okawaru
Pakellas
Ru
Sif Muna
Trog
Vehumet
Xom
Yredelemnul
Zin
The Shining One
Beogh
Jiyva
Lugonu


Innate Abilities, Weirdness & Mutations

You are resistant to damage.
You can recharge devices by infusing magical energy.
You passively map a small area around you.
You do not regenerate naturally.


Message History

You feel better.
Your Fighting skill increases to level 5!
Your Dodging skill increases to level 10!
Your Invocations skill increases to level 9!
The bolt of negative energy hits the komodo dragon.
The komodo dragon is drained!
The komodo dragon is severely wounded.
You feel somewhat more hungry.
You take 1 damage, and have 25/67 hp.
Press: ? - help, Shift-Dir - straight line, f - komodo dragon
Aim: a komodo dragon (severely wounded, lightly drained)
The orb of electricity explodes!
The orb of electricity engulfs the komodo dragon.
The komodo dragon is almost dead.
The orb of electricity engulfs you!
* * * LOW HITPOINT WARNING * * *
The orb of electricity engulfs the orc skeleton.
You destroy the orc skeleton!
You feel somewhat more hungry. The komodo dragon bites you!!
You die...

#.#..#...#Z#####'##
#.#..#####.##......
#)#..'...#.##......
#.#..'.Z.'.##......
#.#..########...<..
#.#..'Z))).##......
#.#..#..)).##......
#'###########......
#.@#.#.##.. #######
#..l....#)#*####
##.#.#.##)#....#
#.......#'#....#,
##.#.#)##Z'l...+
#.......#'# ,
##.#.#..'(# ,
##########


You could see a komodo dragon.

Vanquished Creatures
  A fire bat (D)
  Menkaure (D)
  A wolf (D)
  An orc warrior (D)
  An ogre (D)
  A centaur (D)
  A crimson imp (D)
  An orc priest (D)
  A jelly (D)
  A gnoll (D)
  A river rat (D)
  A giant eyeball (D)
  A worm (D)
  A giant gecko (D)
  A giant cockroach (D)
  A goblin (D)
  A hobgoblin (D)
  3 jackals (D)
  2 bats (D)
  2 giant newts (D)
  A kobold (D)
25 creatures vanquished.

Notes
Turn   | Place    | Note
--------------------------------------------------------------
     0 | D        | pipel the Deep Dwarf Necromancer began the quest for the Orb.
     0 | D        | Reached XP level 1. HP: 15/15 MP: 3/3
    46 | D        | Found a sacrificial altar of Ru.
    46 | D        | Found a shadowy altar of Dithmenos.
    46 | D        | Found a bloodstained altar of Trog.
    46 | D        | Found a deep blue altar of Sif Muna.
    46 | D        | Found a shimmering altar of Xom.
    46 | D        | Found a sparkling altar of Nemelex Xobeh.
    46 | D        | Found a corrupted altar of Lugonu.
    46 | D        | Found a viscous altar of Jiyva.
    47 | D        | Found a basalt altar of Yredelemnul.
    47 | D        | Found a glowing golden altar of the Shining One.
    47 | D        | Found a shattered altar of Ashenzari.
    47 | D        | Found a white marble altar of Elyvilon.
    47 | D        | Found a snail-covered altar of Cheibriados.
    47 | D        | Found a blossoming altar of Fedhas.
    47 | D        | Found a radiant altar of Vehumet.
    47 | D        | Found a burning altar of Makhleb.
    47 | D        | Found an ancient bone altar of Kikubaaqudgha.
    47 | D        | Found a glowing silver altar of Zin.
    47 | D        | Found a roughly hewn altar of Beogh.
    47 | D        | Found an iron altar of Okawaru.
    48 | D        | Found an oddly glowing altar of Pakellas.
    50 | D        | Became a worshipper of Makhleb the Destroyer
    63 | D        | Reached skill level 6 in Necromancy
    63 | D        | Reached XP level 2. HP: 5/22 MP: 0/5
    65 | D        | Reached * piety under Makhleb
    69 | D        | Learned a level 1 spell: Animate Skeleton
    89 | D        | Reached ** piety under Makhleb
   107 | D        | Noticed Menkaure
   116 | D        | Reached *** piety under Makhleb
   116 | D        | Reached skill level 7 in Necromancy
   116 | D        | Reached XP level 3. HP: 22/28 MP: 2/6
   121 | D        | Learned a level 3 spell: Vampiric Draining
   136 | D        | Killed Menkaure
   136 | D        | Reached skill level 1 in Axes
   136 | D        | Reached skill level 10 in Necromancy
   136 | D        | Reached skill level 1 in Evocations
   136 | D        | Reached XP level 4. HP: 27/37 MP: 4/9
   136 | D        | Reached XP level 5. HP: 31/43 MP: 4/10
   199 | D        | Noticed a centaur
   199 | D        | Noticed a wolf
   211 | D        | Killed a wolf
   211 | D        | Reached **** piety under Makhleb
   211 | D        | Reached skill level 1 in Throwing
   219 | D        | Killed a centaur
   219 | D        | Reached XP level 6. HP: 35/56 MP: 1/11
   254 | D        | Reached ***** piety under Makhleb
   263 | D        | Paralysed by a giant eyeball for 4 turns
   299 | D        | Noticed an orc warrior
   304 | D        | Killed an orc warrior
   304 | D        | Reached XP level 7. HP: 43/66 MP: 12/12
   315 | D        | Noticed a fire bat
   316 | D        | Noticed a komodo dragon
   317 | D        | Killed a fire bat
   317 | D        | Reached ****** piety under Makhleb
   329 | D        | Reached skill level 5 in Fighting
   329 | D        | Reached skill level 10 in Dodging
   330 | D        | Demolished by a komodo dragon

Vault maps used:
D:        pitsprint

Action                   |  1- 3 |  4- 6 |  7- 9 || total
-------------------------+-------+-------+-------++-------
Melee: Hand axe          |    27 |     4 |       ||    31
Throw: Stone             |     1 |       |       ||     1
 Cast: Pain              |     7 |       |       ||     7
       Animate Skeleton  |     1 |     1 |     1 ||     3
       Vampiric Draining |       |    14 |     4 ||    18
Invok: Minor Destruction |     1 |    11 |       ||    12
       Major Destruction |       |     3 |     4 ||     7
Evoke: Wand              |     1 |       |       ||     1
       Staff of energy   |       |    16 |     1 ||    17
  Use: Potion            |     1 |     1 |       ||     2
